 Dungeon Crawl Stone Soup version 0.31-a0-167-g1c394c0614 (webtiles) character file.

Game seed: 17312380659707233389

46 qw the Shooter (level 3, -6/22 HPs)
             Began as a Gargoyle Hunter on June 14, 2023.
             Mangled by Sigmund
             ... wielding a +0 scythe
              (9 damage)
             ... on level 2 of the Dungeon.
             The game lasted 00:00:33 (1213 turns).

qw the Shooter (Gargoyle Hunter)                    Turns: 1213, Time: 00:00:33

Health: -6/22      AC:  9    Str: 14    XL:     3   Next: 68%
Magic:  3/3        EV: 11    Int:  9    God:
Gold:   90         SH:  0    Dex: 15    Spells: 2/2 levels left

rFire   . . .        Y - +0 shortbow
rCold   . . .        (shield currently unavailable)
rNeg    + + .        c - +0 leather armour
rPois   inf          (no helmet)
rElec   +            (no cloak)
rCorr   .            e - +0 pair of gloves
SInv    .            f - +1 pair of boots
Will    .....        (no amulet)
Stlth   +            d - ring of positive energy
HPRegen 0.23/turn    (no ring)
MPRegen 0.08/turn

%: no passive effects
@: confused
A: sickness immunity, AC +3, negative energy resistance 1, electricity
resistance, torment resistance 1, petrification resistance
a: no special abilities


You were on level 2 of the Dungeon.
You visited 1 branch of the dungeon, and saw 2 of its levels.

You collected 90 gold pieces.


Innate Abilities, Weirdness & Mutations

You are immune to sickness and miasma.
Your stone body is resilient. (AC +3)
You are immune to poison.
You resist negative energy. (rN+)
You are resistant to electric shocks. (rElec)
You are resistant to unholy torment.
You are immune to petrification.


   Skills:
 + Level 2.9 Fighting
 - Level 5.0 Ranged Weapons
 - Level 1.5 Dodging
 - Level 1.1 Stealth


You had 2 spell levels left.
You didn't know any spells.
Your spell library was empty.

Inventory:

Hand Weapons
 Y - a +0 shortbow (weapon)
Armour
 c - a +0 leather armour (worn)
 e - a +0 pair of gloves (worn)
 f - a +1 pair of boots (worn)
Jewellery
 d - a ring of positive energy (left hand)
Scrolls
 a - a scroll of identify
Potions
 b - a potion of attraction {unknown}
 g - a potion of curing {unknown}
 h - a potion of magic {unknown}

Dungeon Overview and Level Annotations

Branches:
Dungeon (2/15)

Altars:

Annotations:
D:2 Jessica, Sigmund


Message History

Enter note:
Enter note:
Enter note:
Enter note: Sigmund zaps a wand.
You hear a grinding noise.
Enter note:
Enter note:
Enter note:
Enter note: Sigmund mumbles some strange words.
Sigmund flickers and vanishes!
Deactivating autopickup; reactivate with Ctrl-A.
Autopickup is now on.
There is a strange disturbance nearby!
You hear some strange, mumbled words.
Deactivating autopickup; reactivate with Ctrl-A.
Something tries to affect you, but you resist.
You shoot an arrow. You shoot an arrow. Something hits you.
You shoot an arrow. Something hits you.
You shoot an arrow.
You hear some strange, mumbled words.
You are confused.
You shoot an arrow.
You hear some strange, mumbled words.
You are more confused.
You shoot an arrow. Something hits you but does no damage.
You shoot an arrow. Something hits you.
You shoot an arrow.
You hear some strange, mumbled words.
A puff of flame appears from out of thin air!
The puff of flame hits you but does no damage.
You shoot an arrow. Something hits you!
You die...

# ####...# ##.. ##......#
.....####..##.#############
..........###......##.....##
......................%.)...
....######.#..........%<....
... #{....[.....%..... @
#.................
####@................
#....................
#.###...............< #
##..............#
##...%.##.....##
#####)#####.##. #.# #>...
#.# ##..# #####.######(.#


There were no monsters in sight!

Vanquished Creatures
  3 bats
  3 endoplasms (D:1)
  2 giant cockroaches (D:1)
  4 goblins
  7 hobgoblins
  4 quokkas
  5 ball pythons (D:1)
  5 frilled lizards
  5 kobolds
  6 rats
44 creatures vanquished.

Notes
Turn   | Place    | Note
-------+----------+-------------------------------------------
     0 | D:1      | qw the Gargoyle Hunter began the quest for the Orb.
     0 | D:1      | Reached XP level 1. HP: 12/12 MP: 1/1
     0 | D:1      | 0 ||| qw: Version: 0.2-a-29-g1fa15c8
     0 | D:1      | 0 ||| qw: Game counter: 4920
     0 | D:1      | 0 ||| qw: Always use a shield: true
     0 | D:1      | 0 ||| qw: God list: Okawaru
     0 | D:1      | 0 ||| qw: Allow faded altars: false
     0 | D:1      | 0 ||| qw: Do Orc after D:15 true
     0 | D:1      | 0 ||| qw: Do second Lair branch before Depths: true
     0 | D:1      | 0 ||| qw: Lair rune preference: random
     0 | D:1      | 0 ||| qw: Plans: Normal, Zot:1-4, Slime:5, God:TSO, Crypt,
                  | Tomb, Abyss, Pan, Hells, Win
     0 | D:1      | 0 ||| PLANNING D:1-11
    95 | D:1      | Reached XP level 2. HP: 17/17 MP: 2/2
   282 | D:1      | 282 ||| UPGRADING to ring of positive energy.
   283 | D:1      | 283 ||| READING scroll labelled QEKANI UMUU.
   306 | D:1      | Reached XP level 3. HP: 21/21 MP: 3/3
   414 | D:1      | Reached skill level 5 in Ranged Weapons
   926 | D:1      | 926 ||| UPGRADING to +0 pair of gloves.
   931 | D:1      | 931 ||| UPGRADING to +1 pair of boots.
   936 | D:1      | 936 ||| READING scroll labelled BEIGIY CERU.
   937 | D:1      | 937 ||| READING scroll labelled TOELINI LUACK.
  1038 | D:1      | 1038 ||| READING scroll labelled OPSUIR VEBO.
  1039 | D:1      | 1039 ||| DROPPING scroll of butterflies.
  1189 | D:2      | Noticed Sigmund
  1189 | D:2      | Noticed Jessica
  1190 | D:2      | 1190 ||| Stepping ~*~*~tactically~*~*~ (outnumbered).
  1207 | D:2      | HP: 2/22 [something (6)]
  1213 | D:2      | Mangled by Sigmund

Levels and vault maps discovered:
D:1:      wheals_arrival_shading, layout_loops_ring, st_stairs_10, minivault_27,
          kennysheep_small_spiral
D:2:      layout_rooms, uniq_sigmund, uniq_jessica

Skill      XL: |  1  2  3 |
---------------+----------+-----
Ranged Weapons | 5 |  5.0
Fighting       | |  2.9
Dodging        | |  1.5
Stealth        | |  1.1

Action                     || total
---------------------------++-------
   Fire: Shortbow          ||   133
    Use: Scroll            ||     4
 Armour: Leather armour    ||    18
  Dodge: Dodged            ||    37

Table legend:
 A = Non-vault XP
 B = Vault XP
 C = Vault XP percentage of total XP
 D = Non-vault monster count
 E = Vault monster count
 F = Vault count percentage of total count
                 A         B        C        D         E       F
            +---------+---------+-------+---------+---------+-------
      Total |      61 |       6 |   9.0 |      41 |       3 |   6.8
            +---------+---------+-------+---------+---------+-------
        D:1 |      40 |       6 |  13.0 |      26 |       3 |  10.3
        D:2 |      21 |       0 |   0.0 |      15 |       0 |   0.0
            +---------+---------+-------+---------+---------+-------
